 Dungeon Crawl Stone Soup version 0.18-a0-917-g8a3da5b (webtiles) character file.

1360 4thArraOfDagon the Destroyer (level 8, -17/41 HPs)
             Began as a Deep Elf Conjurer on Dec 26, 2015.
             Was a Follower of Vehumet.
             Demolished by a komodo dragon (18 damage)
             ... on level 11 of the Dungeon.
             The game lasted 00:13:05 (2154 turns).

4thArraOfDagon the Destroyer (Deep Elf Conjurer)    Turns: 2154, Time: 00:13:05

Health: -17/41     AC:  3    Str:  5    XL:     8   Next: 37%
Magic:  8/22       EV: 13    Int: 23    God:    Vehumet [*.....]
Gold:   42         SH:  0    Dex: 15    Spells: 4 memorised, 11 levels left

rFire  . . .     SeeInvis .     o - +2 hand axe (venom)
rCold  . . .     Gourm    .     a - +1 robe
rNeg   . . .     Faith    .     (no shield)
rPois  +         Spirit   .     (no helmet)
rElec  .         Dismiss  .     (no cloak)
rCorr  .         Reflect  .     (no gloves)
SustAt .         Harm     .     (no boots)
MR     .....                    (no amulet)
Stlth  ++........               (no ring)
                                r - ring of poison resistance

@: not resistant to hostile enchantments, unstealthy
A: no striking features
a: Renounce Religion


You were on level 11 of the Dungeon.
You worshipped Vehumet.
Vehumet was aware of your devotion.
You were not hungry.

You visited 2 branches of the dungeon, and saw 12 of its levels.

You collected 243 gold pieces.
You spent 201 gold pieces at shops.

Inventory:

Hand Weapons
 f - a +0 long sword
 o - a +2 hand axe of venom (weapon)
Missiles
 g - a throwing net (quivered)
Armour
 a - a +1 robe (worn)
Jewellery
 p - an uncursed amulet of dismissal
 r - a ring of poison resistance (left hand)
Wands
 k - a wand of polymorph (4/24)
Scrolls
 d - 5 scrolls of identify
 e - 2 scrolls of magic mapping {unknown}
 h - a scroll of noise {unknown}
 i - 2 scrolls of enchant armour
 j - 2 scrolls of teleportation
 l - a scroll of remove curse {unknown}
 s - a scroll of blinking
Potions
 n - a potion of haste
 t - 2 potions of curing
Books
 b - a book of Conjurations

   Spells                             Type                      Level
   a - Magic Dart                     Conjuration                  1
   b - Searing Ray                    Conjuration                  2
   c - Dazzling Spray                 Conjuration/Hexes            3
   d - Fulminant Prism                Conjuration/Hexes            4
   e - Iskenderun's Mystic Blast      Conjuration                  4
   f - Iskenderun's Battlesphere      Conjuration/Charms           5
Comestibles
 c - 3 bread rations
 m - 5 meat rations
 q - 8 chunks of flesh


   Skills:
 - Level 2.4 Dodging
 - Level 2.4 Stealth
 + Level 8.4 Spellcasting
 * Level 10.1 Conjurations


You had 11 spell levels left.
You knew the following spells:

 Your Spells              Type           Power        Failure   Level  Hunger
a - Magic Dart            Conj           ####         1%          1    None
b - Dazzling Spray        Conj/Hex       ####....     2%          3    None
c - Iskenderun's Mystic   Conj           ######..     1%          4    ##.....
d - Fulminant Prism       Conj/Hex       ####......   10%         4    ##.....


Dungeon Overview and Level Annotations

Branches:
Dungeon (11/15)            Temple (1/1) D:5            Lair (0/8) D:10
    Orc: D:9-12

Altars:
Ashenzari
Dithmenos
Elyvilon
Fedhas
Gozag
Kikubaaqudgha
Makhleb
Nemelex Xobeh
Pakellas
Ru
Trog
Vehumet
Xom
Yredelemnul
Zin

Shops:
D:4 :   D:10 ?

Annotations:
D:6 exclusion: sky beast, Edmund
D:10 exclusion: ice beast, Harold


Message History

Aim: a komodo dragon (moderately wounded)
The spray of energy hits the komodo dragon.
The komodo dragon is severely wounded.
The komodo dragon bites you!
Unknown command.
Casting: Dazzling Spray
Confirm with . or Enter, or press ? or * to list all spells.
Aiming: Dazzling Spray
Press: ? - help, Shift-Dir - straight line, f/p - komodo dragon
Aim: a komodo dragon (severely wounded)
The spray of energy hits the komodo dragon.
The komodo dragon is severely wounded.
The komodo dragon is dazzled.
The komodo dragon bites you!!
Ouch! That really hurt!
* * * LOW HITPOINT WARNING * * *
Unknown command.
You hit the komodo dragon.
The komodo dragon is poisoned.
The komodo dragon is almost dead.
The komodo dragon bites you!!
You die...

#######
#.#
.....![
#..
.......
#.#
.......
#.# .....
#.##...
#.#.l#
#.#@#
##.#.#
#<...#
##.###
#.........
##########


You could see a komodo dragon (blind).

Vanquished Creatures
  A hill giant (D:10)
  A two-headed ogre (D:9)
  A hungry ghost (D:9)
  A crocodile (D:10)
  2 ogres
  A centaur (D:10)
  A jelly (D:9)
  A giant frog zombie (D:10)
  An orc wizard (D:6)
  2 hounds
  2 worker ants (D:10)
  4 gnolls (D:10)
  2 adders
  A shadow imp (D:10)
  An adder skeleton (D:5)
  A worm (D:5)
  11 orcs
  A bat (D:1)
  A hobgoblin (D:1)
  3 quokkas
  A giant gecko (D:9)
  A giant gecko skeleton (D:5)
  A giant gecko zombie (D:6)
  A giant newt (D:1)
  3 rats
46 creatures vanquished.

Vanquished Creatures (others)
  3 fulminant prisms (D:10)
3 creatures vanquished.

Grand Total: 49 creatures vanquished

Notes
Turn   | Place    | Note
--------------------------------------------------------------
     0 | D:1      | 4thArraOfDagon the Deep Elf Conjurer began the quest for the Orb.
     0 | D:1      | Reached XP level 1. HP: 10/10 MP: 6/6
    81 | D:3      | Reached XP level 2. HP: 3/15 MP: 0/8
   148 | D:3      | Found a bloodstained altar of Trog.
   151 | D:3      | Found a basalt altar of Yredelemnul.
   248 | D:4      | Found Muzxinn's Book Shoppe.
   320 | D:5      | Entered Level 5 of the Dungeon
   364 | D:5      | Found a staircase to the Ecumenical Temple.
   396 | Temple   | Entered the Ecumenical Temple
   433 | Temple   | Became a worshipper of Vehumet
   480 | D:5      | Reached skill level 5 in Conjurations
   741 | D:6      | Reached XP level 3. HP: 8/19 MP: 8/10
   790 | D:6      | Noticed a water moccasin
   849 | D:6      | Learned a level 3 spell: Dazzling Spray
   923 | D:6      | Noticed a sky beast
  1025 | D:6      | Reached XP level 4. HP: 24/24 MP: 3/12
  1037 | D:6      | Noticed a giant frog
  1048 | D:6      | Noticed a giant frog
  1062 | D:6      | Noticed an orc warrior
  1076 | D:6      | Noticed Edmund
  1156 | D:5      | Found a glowing silver altar of Zin.
  1156 | D:5      | Found an opulent altar of Gozag.
  1261 | D:7      | Noticed an ogre
  1273 | D:7      | Killed an ogre
  1273 | D:7      | Reached skill level 6 in Conjurations
  1273 | D:7      | Reached XP level 5. HP: 2/28 MP: 7/14
  1302 | D:7      | Learned a level 4 spell: Iskenderun's Mystic Blast
  1333 | D:7      | Noticed a hungry ghost
  1341 | D:7      | You fall through a shaft for 2 floors!
  1341 | D:9      | Found a shattered altar of Ashenzari.
  1343 | D:9      | Noticed a hungry ghost
  1348 | D:9      | Noticed a two-headed ogre
  1355 | D:9      | RI{P
  1363 | D:9      | Killed a hungry ghost
  1363 | D:9      | Reached skill level 5 in Spellcasting
  1363 | D:9      | Reached skill level 7 in Conjurations
  1363 | D:9      | Reached XP level 6. HP: 8/32 MP: 6/16
  1385 | D:9      | Killed a two-headed ogre
  1385 | D:9      | Reached XP level 7. HP: 10/36 MP: 3/18
  1442 | D:9      | Reached skill level 8 in Conjurations
  1494 | D:9      | Learned a level 4 spell: Fulminant Prism
  1521 | D:8      | Found a shadowy altar of Dithmenos.
  1568 | D:10     | Entered Level 10 of the Dungeon
  1768 | D:10     | Found Diasek's Magic Scroll Emporium.
  1781 | D:10     | Bought 2 scrolls of identify for 52 gold pieces
  1781 | D:10     | Bought a scroll of blinking for 97 gold pieces
  1781 | D:10     | Bought a scroll of identify for 26 gold pieces
  1781 | D:10     | Bought a scroll of identify for 26 gold pieces
  1795 | D:9      | Found a blossoming altar of Fedhas.
  1821 | D:10     | Noticed Harold
  1847 | D:10     | Reached * piety under Vehumet
  1847 | D:10     | Offered knowledge of Sandblast by Vehumet.
  1863 | D:10     | Noticed a hill giant
  1915 | D:10     | Killed a hill giant
  1915 | D:10     | Reached skill level 9 in Conjurations
  1915 | D:10     | Reached XP level 8. HP: 41/41 MP: 5/21
  2017 | D:10     | Reached skill level 10 in Conjurations
  2037 | D:10     | Found a staircase to the Lair.
  2148 | D:11     | Noticed a komodo dragon
  2153 | D:11     | HP: 1/41 [komodo dragon (30)]
  2154 | D:11     | Demolished by a komodo dragon

Vault maps used:
D:1:      dpeg_arrival_simpleton_c, okawaru_ov_weapons_minmay
D:2:      cheibriados_altar_wand_db, first_bread
D:3:      grunt_temple_overflow_open
D:4:      serial_shops, shop, shop_fountains, nicolae_shop_stone,
          nicolae_shop_waterfront, kennysheep_opposing_triangles, uniq_natasha
D:5:      grunt_temple_overflow_gold_and_silver, kennysheep_little_box,
          minmay_temple_entry_junction
D:6:      uniq_edmund
D:7:      uniq_pikel
D:8:      nicolae_overflow_hidden_temple, uniq_erolcha, uniq_maurice, uniq_grum
D:9:      evilmike_ruin_ashenzari, lemuel_round_altar, kennysheep_mini_moat,
          overflow_temple_1_default, nicolae_ru_sacrificial_ziggurat
D:10:     lair_0_dummy, serial_shops, nicolae_shop_window_shopping, uniq_harold
D:11:     minmay_orc_entry_guard_dogs, hangedman_ranch
Temple:   cyrus_temple_forest_13

Action                   |  1- 3 |  4- 6 |  7- 9 || total
-------------------------+-------+-------+-------++-------
Melee: Long sword        |     7 |       |       ||     7
       Hand axe          |       |    19 |    24 ||    43
 Cast: Magic Dart        |    49 |     6 |    20 ||    75
       Dazzling Spray    |     2 |     6 |    18 ||    26
       Iskenderun's Myst |       |     3 |     3 ||     6
       Fulminant Prism   |       |       |     3 ||     3
Evoke: Wand              |       |       |     2 ||     2
  Use: Scroll            |     1 |       |     3 ||     4
       Potion            |       |     3 |       ||     3
 Stab: Invisible         |       |     1 |     2 ||     3
       Sleeping          |       |       |     1 ||     1
  Eat: Chunk             |     1 |     3 |     3 ||     7
